 Dungeon Crawl Stone Soup version 0.27.0-1-g7a089689b8 (webtiles) character file.

Game seed: 15624822662709470364

7 thirtiethelement the Skirmisher (level 1, -1/18 HPs)
             Began as a Demonspawn Abyssal Knight on Aug 11, 2021.
             Was a Follower of Lugonu.
             Slain by a hobgoblin (4 damage)
             ... on level 1 of the Dungeon.
             The game lasted 00:01:31 (266 turns).

thirtiethelement the Skirmisher (DsAK)               Turns: 266, Time: 00:01:31

Health: -1/18      AC:  3    Str: 12    XL:     1   Next: 91%
Magic:  2/2        EV: 11    Int: 13    God:    Lugonu [*.....]
Gold:   67         SH:  0    Dex: 12    Spells: 0/0 levels left

rFire    . . .     SeeInvis .   d - +4 glaive
rCold    . . .     Faith    .   (shield currently unavailable)
rNeg     . . .     Spirit   .   b - +0 leather armour
rPois    .         Reflect  .   (no helmet)
rElec    .         Harm     .   (no cloak)
rCorr    .         Rampage  .   (no gloves)
Will     .....                  (no boots)
Stlth    +.........             (no amulet)
HPRegen  0.06/turn              (no ring)
MPRegen  0.08/turn              (no ring)

@: no status effects
A: no striking features
a: Renounce Religion, Depart the Abyss


You were on level 1 of the Dungeon.
You worshipped Lugonu.
Lugonu was aware of your devotion.
You visited 1 branch of the dungeon, and saw 1 of its levels.
You visited the Abyss 1 time.

You collected 67 gold pieces.

Inventory:

Hand Weapons
 a - a +1 falchion
 d - a +4 glaive (weapon)
Armour
 b - a +0 leather armour (worn)
Scrolls
 e - a scroll of identify
Potions
 f - a potion of might


   Skills:
 + Level 3.2 Fighting
 - Level 1.7 Long Blades
 + Level 1.8 Armour
 + Level 1.1 Dodging
 + Level 2.7 Invocations


You couldn't memorise any spells.
You didn't know any spells.
Your spell library was empty.

Dungeon Overview and Level Annotations

Branches:
Dungeon (1/15)

Altars:


Message History

A ball python comes into view.
The kobold closely misses you.
You barely miss the goblin. The goblin misses you.
The kobold closely misses you. The goblin closely misses you.
You see here a hobgoblin corpse.
The goblin hits you with a +0 dagger.
You barely miss the goblin. The goblin hits you with a +0 dagger.
You closely miss the goblin. The goblin hits you with a +0 dagger.
The goblin hits you but does no damage.
You barely miss the goblin. The goblin hits you but does no damage.
The goblin hits you with a +0 dagger.
You slash the goblin!
You kill the goblin!
Lugonu accepts your kill. The ball python bites you.
The ball python closely misses you.
You hit the ball python but do no damage.
The ball python bites you but does no damage.
The ball python grabs you. The ball python constricts you.
The ball python bites you but does no damage.
The ball python constricts you.
You slash the ball python!
You kill the ball python!
Lugonu accepts your kill.
You closely miss the goblin. The goblin hits you but does no damage.
The hobgoblin closely misses you. The goblin hits you but does no damage.
The hobgoblin hits you but does no damage.
You closely miss the goblin. The goblin hits you with a +0 dagger.
The hobgoblin hits you but does no damage.
The goblin hits you but does no damage.
You closely miss the goblin.
The hobgoblin hits you but does no damage.
The goblin hits you with a +0 dagger. The hobgoblin misses you.
You hit the goblin.
You kill the goblin!
Lugonu accepts your kill. The hobgoblin barely misses you.
The hobgoblin hits you.
* * * LOW HITPOINT WARNING * * *
Your Dodging skill increases to level 1!
You barely miss the hobgoblin. The hobgoblin hits you.
You die...

#.....# #.....# #.....##
##).....# #.......##
##+###'##.....#
#§§≈≈≈.≈###.#.# ##.
#§≈.≈.≈≈###†#.# ##...
...#≈≈...≈≈#@gK..####...#
.....≈.<.≈..)###......#####
...#§≈...§≈#####..........##
. #§≈.≈.≈≈# #............#
#≈.§≈≈.≈# #..##.†........
##+###+## #.# ##.........
... #......... #..#
#......... ...# ..........


You could see a hobgoblin and a kobold.

Vanquished Creatures
  A ball python (D:1)
  An endoplasm (D:1)
  A hobgoblin (D:1)
  2 goblins (D:1)
  A kobold (D:1)
  A rat (D:1)
7 creatures vanquished.

Notes
Turn   | Place    | Note
-------+----------+-------------------------------------------
     0 | Abyss:1  | thirtiethelement the Demonspawn Abyssal Knight began the
                  | quest for the Orb.
     0 | Abyss:1  | Reached XP level 1. HP: 18/18 MP: 2/2
   176 | Abyss:2  | Noticed a small abomination
   207 | Abyss:2  | Noticed a thrashing horror
   208 | D:1      | Escaped the Abyss
   242 | D:1      | Reached * piety under Lugonu
   266 | D:1      | Reached skill level 1 in Dodging
   266 | D:1      | Slain by a hobgoblin

Illustrated notes

Levels and vault maps discovered:
D:1:      ncdulo_lavacross, layout_rooms, serial_bayou_pond_e, nrook_campfire

Skill      XL: |  1 |
---------------+----+-----
Dodging        | 1 |  1.1
Fighting       | |  3.2
Long Blades    | |  1.7
Armour         | |  1.8
Invocations    | |  2.7

Action                   || total
-------------------------++-------
Melee: Glaive            ||    19
Invok: Depart the Abyss  ||     1
  Use: Scroll            ||     3
Armor: Leather armour    ||    11
Dodge: Dodged            ||     9
